 Dungeon Crawl Stone Soup version 0.32-a0-768-g0f6f1dd4b9 (webtiles) character file.

Game seed: 3765291302088468734

723 Drazool the Magician (level 7, -1/51 HPs)
             Began as a Mummy Necromancer on Mar 18, 2024.
             Slain by Duvessa
             ... wielding a +0 short sword
              (9 damage)
             ... on level 4 of the Dungeon.
             The game lasted 00:13:29 (3952 turns).

Drazool the Magician (Mummy Necromancer)            Turns: 3952, Time: 00:13:30

Health: -1/51      AC:  2    Str: 12    XL:     7   Next: 43%
Magic:  0/18       EV: 11    Int: 16    God:
Gold:   202        SH:  0    Dex: 12    Spells: 17/21 levels left

rFire   x . .        h - +1 dagger (elec)
rCold   + . .        (no shield)
rNeg    + + +        a - +0 robe
rPois   ∞            (no helmet)
rElec   .            (no cloak)
rCorr   .            (no gloves)
SInv    .            (no boots)
Will    .....        (no amulet)
Stlth   ++           L - ring of flight
HPRegen 0.28/turn    (no ring)
MPRegen 0.16/turn

%: faith
@: flying
A: cold resistance 1, negative energy resistance 3, torment resistance 2, heat
vulnerability 1, in touch with death 1, no potions, faith
a: no special abilities


You were on level 4 of the Dungeon.
You visited 1 branch of the dungeon, and saw 4 of its levels.

You collected 202 gold pieces.


Innate Abilities, Weirdness & Mutations

You are immune to poison.
Your flesh is cold resistant. (rC+)
You are immune to negative energy. (rN+++)
You are immune to unholy pain and torment.
You are vulnerable to heat. (rF-)
You are in touch with the powers of death.
You do not drink.
You have a special connection with the divine. (Faith)


   Skills:
 + Level 2.7 Fighting
 - Level 1.5 Dodging
 - Level 1.5 Stealth
 - Level 7.7 Spellcasting
 - Level 6.2 Necromancy


You had 17 spell levels left.
You knew the following spells:

 Your Spells              Type           Power      Damage    Failure   Level
v - Vampiric Draining     Necr           39%        2d8       2%          3
X - Necrotise             Necr           100%       1d9       1%          1

Your spell library contained the following spells:

 Spells                   Type           Power      Damage    Failure   Level
 Animate Dead             Necr           39%        N/A       9%          4
 Curse of Agony           Necr           39%        N/A       26%         5

Inventory:

Hand Weapons
 c - a +2 flail of protection
 h - a +1 dagger of electrocution (weapon)
Armour
 a - a +0 robe (worn)
 d - a +0 helmet
Jewellery
 L - a ring of flight (left hand)
Wands
 g - a wand of paralysis (1)
Scrolls
 b - a scroll of immolation {unknown}
 e - a scroll of teleportation {@r2}
 f - a scroll of summoning {unknown}
 i - a scroll of enchant weapon

Dungeon Overview and Level Annotations

Branches:
Dungeon (4/15)
 Temple: D:4-7

Altars:
Makhleb

Annotations:
D:4 Duvessa

#.....##..
..# #.# #.
####...###
### #.# #.
##.....##
#.###.
##.......##
## #..##.
#.........#
##...##.##.
+.........+
...........
#.........#
##.....#.##
##...<...##
##.#....#
##...@.## #
#.####
##..e## #.
##'## #.
#.# #. #.#
#.. ...#
.... #....#


You could see Duvessa (berserk).


Message History

Aiming: Vampiric Draining (dangerous; 2% risk of failure)
Press: ? - help, Shift-Dir - straight line, f/p - Duvessa
Aim: Duvessa, wielding a +0 short sword and wearing a +0 leather armour (moderately wounded, berserk)
You feel a surge of power!
You draw life force from Duvessa!
You feel life coursing into your body! Duvessa hits you with a +0 short sword!
* * * LOW HITPOINT WARNING * * *
Duvessa hits you with a +0 short sword.
* * * LOW HITPOINT WARNING * * *
Unknown command.
Unknown command.
Casting: Vampiric Draining (dangerous; 2% risk of failure)
Confirm with . or Enter, or press ? or * to list all spells.
You don't have enough magic to cast this spell.
Unknown command.
Unknown command.
You barely miss Duvessa.
Duvessa is severely wounded.
Duvessa hits you with a +0 short sword.
* * * LOW HITPOINT WARNING * * *
Unknown command.
Casting: Vampiric Draining (dangerous; 2% risk of failure)
Confirm with . or Enter, or press ? or * to list all spells.
Aiming: Vampiric Draining (dangerous; 2% risk of failure)
Press: ? - help, Shift-Dir - straight line, f/p - Duvessa
Aim: Duvessa, wielding a +0 short sword and wearing a +0 leather armour (severely wounded, berserk)
You feel a surge of power!
You draw life force from Duvessa!
You feel life coursing into your body. Duvessa hits you with a +0 short sword!
* * * LOW HITPOINT WARNING * * *
Duvessa hits you with a +0 short sword!
You die...

Skill      XL: |  1  2  3  4  5  6  7 |
---------------+----------------------+-----
Spellcasting   | 3 4 5 7 |  7.7
Necromancy     | 6 |  6.2
Fighting       | 2 |  2.7
Dodging        | |  1.5
Stealth        | |  1.5

Action                     |  1- 3 |  4- 6 |  7- 9 || total
---------------------------+-------+-------+-------++-------
  Melee: Flail             |       |    10 |       ||    10
         Dagger            |       |     3 |     5 ||     8
   Cast: Necrotise         |    57 |    63 |    38 ||   158
         Vampiric Draining |       |     4 |     8 ||    12
  Evoke: Wand              |       |     4 |       ||     4
    Use: Scroll            |       |       |     2 ||     2
   Stab: Paralysed         |       |     3 |       ||     3
 Armour: Robe              |     5 |    12 |    13 ||    30
  Dodge: Dodged            |     6 |    13 |    11 ||    30

Levels and vault maps discovered:
D:1:      denvon_arrival_planthouse, layout_basic,
          shapermc_ecumenical_altar_venn
D:2:      layout_basic, nrook_campfire, minmay_close_crescents
D:3:      layout_basic, nicolae_overflow_ecumenical_swirl, uniq_sigmund,
          uniq_ijyb, uniq_grinder
D:4:      layout_loops_corners, chei_slow_surprise,
          mainiacjoe_overflow_24_doors, serial_glass, glass_columns_a,
          glass_columns_a, uniq_duvessa

Notes
Turn   | Place    | Note
-------+----------+-------------------------------------------
     0 | D:1      | Drazool the Mummy Necromancer began the quest for the Orb.
     0 | D:1      | Reached XP level 1. HP: 13/13 MP: 4/4
   109 | D:1      | Reached skill level 3 in Spellcasting
   212 | D:1      | Reached XP level 2. HP: 19/19 MP: 2/6
   506 | D:1      | Found a faded altar of an unknown god.
   557 | D:1      | Reached skill level 4 in Spellcasting
  1033 | D:2      | Reached XP level 3. HP: 24/24 MP: 5/8
  1111 | D:2      | Learned a level 3 spell: Vampiric Draining
  1286 | D:2      | Reached skill level 5 in Spellcasting
  2094 | D:3      | Reached XP level 4. HP: 30/30 MP: 9/11
  2350 | D:3      | Reached skill level 6 in Spellcasting
  2499 | D:3      | Noticed Sigmund
  2509 | D:3      | Killed Sigmund
  2510 | D:3      | Reached skill level 7 in Spellcasting
  2510 | D:3      | Reached XP level 5. HP: 31/35 MP: 8/15
  2632 | D:3      | Reached XP level 6. HP: 41/41 MP: 13/16
  3141 | D:3      | Noticed Grinder
  3145 | D:3      | Found a faded altar of an unknown god.
  3176 | D:3      | Noticed Ijyb
  3181 | D:3      | Killed Ijyb
  3182 | D:3      | Reached skill level 5 in Necromancy
  3197 | D:3      | Killed Grinder
  3198 | D:3      | Reached skill level 6 in Necromancy
  3198 | D:3      | Reached XP level 7. HP: 32/46 MP: 15/18
  3293 | D:3      | Found a burning altar of Makhleb.
  3643 | D:4      | Reached skill level 1 in Fighting
  3699 | D:4      | Reached skill level 2 in Fighting
  3938 | D:4      | Noticed Duvessa
  3938 | D:4      | Noticed Dowan
  3947 | D:4      | Killed Dowan
  3952 | D:4      | Slain by Duvessa

Vanquished Creatures
  Grinder (D:3)
  Sigmund (D:3)
  Dowan (D:4)
  4 orc priests
  2 orc wizards (D:4)
  Ijyb (D:3)
  7 adders
  4 dart slugs
  A ribbon worm (D:3)
  6 orcs
  6 ball pythons
  5 endoplasms
  A giant cockroach (D:4)
  8 hobgoblins
  2 jackals (D:4)
  4 kobolds
  3 quokkas
  7 bats
  2 frilled lizards
  6 goblins
  7 rats
79 creatures vanquished.

Vanquished Creatures (collateral kills)
  An endoplasm (D:1)
  A frilled lizard (D:1)
2 creatures vanquished.

Grand Total: 81 creatures vanquished

Table legend: (Time is in decaauts)
 A = Elapsed time spent in this place.
 B = Non-inter-level travel time spent in this place.
 C = Inter-level travel time spent in this place.
 D = Time resting spent in this place.
 E = Time spent auto-exploring this place.
 F = Levels seen in this place.
 G = Mean time per level.
                   A        B        C        D        E       F      G
               +--------+--------+--------+--------+--------+-----+--------+
         Total |   3953 |   3883 |     70 |    384 |   2908 |   4 |  988.2 |
       Dungeon |   3953 |   3883 |     70 |    384 |   2908 |   4 |  988.2 |
               +--------+--------+--------+--------+--------+-----+--------+

Top non-repeatable levels by time:
     D:3: 1321 daAuts
     D:2: 1195 daAuts
     D:1: 849 daAuts
     D:4: 587 daAuts

Table legend:
 A = Non-vault XP
 B = Vault XP
 C = Vault XP percentage of total XP
 D = Non-vault monster count
 E = Vault monster count
 F = Vault count percentage of total count
                 A         B        C        D         E       F
            +---------+---------+-------+---------+---------+-------
      Total |     447 |     587 |  56.8 |      74 |       7 |   8.6
            +---------+---------+-------+---------+---------+-------
        D:1 |      33 |       0 |   0.0 |      19 |       0 |   0.0
        D:2 |      56 |       4 |   6.7 |      12 |       3 |  20.0
        D:3 |     222 |     514 |  69.8 |      29 |       3 |   9.4
        D:4 |     136 |      69 |  33.7 |      14 |       1 |   6.7
            +---------+---------+-------+---------+---------+-------
